Map: Blackpink LE

Players

Spazymazy

  • Race: Zerg Zerg
  • Spawn Location: 7:00

SortOf - Winner!

  • Race: Zerg Zerg
  • Spawn Location: 1:00

Event: IEM Season 12 - Katowice

VOD

Have the link to the VOD?

Description

Time

  • Played on: Feb. 27, 2018, 9:35 a.m.
  • Length: 11:08

All games in this series

Show
View Real Time Build Order
Export as new Build Order

Spazymazy Zerg 

Build Orders: Hatch First, Zergling Baneling 

Get SALT Encoding   

  12  0:00  Drone  
  13  0:12  Overlord  
  13  0:17  Drone  
  14  0:30  Drone x2  
  14  0:34  Drone  
  17  0:51  Hatchery  
  17  0:54  Drone  
  17  0:56  Extractor  
  16  0:58  Drone  
  17  1:12  Spawning Pool  
  17  1:16  Drone  
  17  1:19  Drone  
  18  1:27  Drone  
  19  1:38  Overlord  
  19  1:49  Drone  
  20  1:59  Metabolic Boost  
  20  2:00  Queen  
  22  2:03  Queen  
  22  2:04  Drone  
  22  2:06  Drone  
  26  2:11  Drone  
  26  2:14  Drone  
  28  2:22  Drone  
  29  2:34  Overlord  
  29  2:36  Hatchery  
  29  2:37  Zergling x2  
  29  2:40  Zergling x2  
  31  2:44  Zergling x2  
  31  2:47  Overlord  
  31  2:55  Drone  
  32  3:02  Drone  
  33  3:07  Drone  
  33  3:08  Drone  
  33  3:12  Drone x2  
  37  3:13  Drone  
  37  3:17  Overlord  
  37  3:19  Drone  
  39  3:21  Baneling Nest  
  39  3:22  Zergling x4  
  39  3:24  Zergling x2  
  41  3:30  Zergling x2  
  41  3:33  Zergling x2  
  40  3:41  Zergling x4  
  40  3:44  Zergling x6  
  45  3:49  Zergling x2  
  45  3:51  Zergling x6  
  45  3:53  Queen  
  51  3:55  Zergling x2  
  51  3:57  Zergling x2  
  53  4:04  Baneling x2  
  53  4:05  Baneling x4  
  53  4:07  Zergling x4  
  55  4:13  Zergling x4  
  57  4:20  Baneling  
  57  4:21  Baneling x2  
  57  4:23  Zergling x2  
  57  4:24  Zergling x6  
  57  4:33  Zergling x10  
  57  4:34  Zergling x4  
  57  4:37  Baneling  
  60  4:44  Zergling x4  
  56  4:49  Zergling x2  
  56  4:54  Zergling x2  
  56  4:57  Zergling x2  
  56  4:58  Zergling x2  
  57  5:00  Baneling x2  
  57  5:04  Zergling x2  
  58  5:12  Zergling x4  
  57  5:14  Zergling x6  
  57  5:15  Zergling x6  
  57  5:17  Zergling x2  
  57  5:18  Zergling x6  
  62  5:24  Zergling x4  
  57  5:29  Overlord  
  54  5:36  Drone x2  
  54  5:38  Evolution Chamber, Roach Warren  
  54  5:40  Baneling x2  
  54  5:41  Baneling x3  
  54  5:43  Drone x3  
  54  5:46  Drone  
  54  5:48  Drone  
  57  5:55  Drone x3  
  54  6:06  Drone x2  
  54  6:07  Drone x3  
  54  6:08  Extractor  
  56  6:13  Zergling x8  
  52  6:21  Roach  
  52  6:22  Roach x2  
  53  6:26  Roach x2, Zergling x2  
  53  6:27  Drone  
  53  6:32  Drone x2  
  60  6:34  Drone  
  60  6:35  Extractor  
  60  6:37  Zergling x2  
  60  6:39  Drone  
  59  6:42  Roach  
  59  6:43  Zergling x2  
  61  6:50  Roach x2  
  62  6:56  Zergling x2  
  62  6:57  Zergling x6  
  65  7:05  Zergling x2  
  65  7:06  Overlord x2  
  62  7:11  Queen  
  62  7:13  Zerg Missile Weapons Level 1  
  63  7:16  Overlord  
  63  7:21  Drone  
  63  7:22  Drone  
  65  7:24  Overlord  
  65  7:26  Drone  
  65  7:28  Drone x2  
  68  7:30  Baneling x2  
  68  7:32  Drone  
  68  7:35  Drone  
  68  7:36  Drone  
  70  7:45  Drone x4  
  70  7:48  Drone x2  
  75  7:55  Roach x3  
  75  7:56  Roach  
  79  8:01  Roach x2  
  79  8:04  Roach  
  85  8:07  Roach  
  85  8:09  Baneling, Extractor  
  85  8:10  Overlord  
  85  8:12  Roach  
  88  8:20  Roach  
  88  8:26  Roach x2, Zergling x2  
  87  8:27  Zergling x10  
  87  8:33  Roach x2, Zergling x2  
  76  8:42  Roach x2, Zergling x4  
  76  8:43  Zergling x2  
  76  8:48  Roach, Zergling x2  
  76  8:52  Drone x2  
  76  8:53  Drone  
  77  8:55  Drone  
  77  8:59  Drone  
  77  9:01  Drone  
  77  9:02  Drone  
  80  9:06  Roach  
  80  9:07  Zergling x2  
  83  9:13  Baneling x4  
  83  9:15  Baneling  
  83  9:17  Zergling x2  
  83  9:18  Zergling x8  
  83  9:21  Roach  
  89  9:26  Extractor  
  77  9:38  Roach x2  
  77  9:39  Roach x3  
  83  9:46  Drone x2  
  83  9:47  Drone  
  83  9:48  Roach x2, Zergling x4  
  83  9:49  Queen  
  83  9:51  Roach  
  96  9:57  Roach x2  
  96  9:58  Zergling x4  
  102  10:00  Zergling x2  
  102  10:05  Roach x2, Zergling x2  
  105  10:11  Roach  
  105  10:13  Roach, Zergling x2  
  105  10:21  Zergling x2  
  105  10:23  Overlord x2  
  105  10:26  Overlord  
  106  10:32  Overlord  
  106  10:38  Overlord x2  
  106  10:44  Extractor  
  106  10:47  Roach x2  
  106  10:48  Roach x2  
Show
View Real Time Build Order
Export as new Build Order

SortOf Zerg - Winner!

Build Orders: Hatch First, Zergling Baneling 

Get SALT Encoding   

  12  0:00  Drone  
  13  0:13  Overlord  
  13  0:17  Drone  
  14  0:31  Drone x2  
  16  0:37  Drone  
  17  0:52  Hatchery  
  17  0:55  Drone  
  17  0:58  Drone  
  18  1:09  Extractor  
  17  1:13  Spawning Pool  
  17  1:16  Drone  
  17  1:19  Drone  
  18  1:28  Drone  
  20  1:40  Drone  
  20  1:50  Overlord  
  20  2:00  Queen  
  22  2:03  Queen  
  22  2:04  Zergling x4  
  26  2:11  Baneling Nest  
  26  2:12  Drone  
  26  2:15  Drone  
  27  2:23  Drone  
  27  2:25  Drone  
  29  2:33  Metabolic Boost  
  29  2:34  Drone  
  29  2:37  Drone  
  31  2:46  Drone  
  32  2:51  Hatchery  
  32  2:53  Overlord  
  32  2:56  Baneling  
  32  2:57  Baneling  
  31  2:59  Drone  
  31  3:01  Drone  
  31  3:05  Drone  
  34  3:12  Queen  
  35  3:15  Drone  
  35  3:18  Zergling x4  
  38  3:20  Zergling x2  
  38  3:22  Drone  
  40  3:28  Overlord  
  40  3:29  Drone  
  40  3:32  Zergling x2  
  42  3:35  Drone  
  42  3:39  Drone, Baneling  
  43  3:41  Drone  
  43  3:42  Overlord  
  44  3:49  Zergling x4  
  44  3:53  Zergling x4  
  44  3:55  Baneling  
  48  3:59  Extractor  
  48  4:00  Zergling x2  
  48  4:03  Roach Warren, Zergling x2  
  48  4:07  Baneling x2  
  48  4:08  Drone  
  49  4:10  Baneling x2  
  49  4:13  Queen  
  49  4:15  Drone  
  51  4:28  Zergling x2  
  51  4:30  Zergling x4  
  51  4:35  Zergling x12  
  53  4:42  Queen x2  
  53  4:44  Drone x2  
  58  4:46  Zergling x2  
  58  4:48  Zergling x2  
  58  4:49  Zergling x2  
  58  4:51  Zergling x2  
  57  4:54  Zergling x2  
  57  4:56  Zergling x2  
  49  5:01  Zergling x4  
  49  5:03  Zergling x2  
  51  5:08  Zergling x2  
  51  5:09  Zergling x4  
  51  5:14  Zergling x2  
  51  5:15  Zergling x2  
  51  5:20  Zergling x4  
  53  5:23  Zergling x2  
  53  5:27  Drone  
  47  5:30  Baneling  
  47  5:33  Drone  
  48  5:37  Baneling x3  
  48  5:41  Zergling x4  
  50  5:45  Drone x2  
  52  5:52  Drone x2  
  52  5:56  Overlord  
  54  6:01  Drone  
  54  6:04  Drone x2  
  54  6:05  Baneling x2  
  54  6:10  Drone  
  54  6:13  Baneling x2  
  54  6:14  Zergling x4  
  54  6:18  Drone  
  56  6:20  Zergling x2  
  52  6:28  Drone x2  
  52  6:32  Roach  
  55  6:36  Roach  
  60  6:40  Roach x2  
  60  6:41  Drone  
  60  6:43  Drone  
  62  6:47  Drone  
  62  6:52  Roach x2  
  62  6:53  Roach  
  68  6:57  Overlord  
  68  6:59  Drone x2  
  71  7:01  Drone x2  
  71  7:02  Overlord  
  70  7:11  Roach x2  
  70  7:12  Roach  
  70  7:15  Overlord x2  
  73  7:18  Drone x3  
  73  7:22  Roach  
  78  7:24  Roach, Extractor  
  78  7:26  Roach  
  78  7:28  Baneling x2  
  81  7:30  Roach  
  81  7:34  Roach  
  85  7:38  Roach, Zergling x2  
  85  7:40  Drone x2  
  85  7:41  Drone  
  91  7:47  Drone x4  
  91  7:48  Drone  
  91  7:50  Drone  
  96  7:51  Drone  
  96  7:53  Drone  
  96  7:56  Drone x2  
  95  8:03  Lair  
  94  8:06  Evolution Chamber  
  94  8:07  Zergling x6  
  94  8:09  Roach  
  94  8:12  Overlord  
  98  8:15  Overlord  
  98  8:17  Roach  
  99  8:25  Roach  
  99  8:26  Ravager  
  101  8:27  Roach  
  101  8:29  Ravager  
  101  8:30  Roach  
  101  8:31  Roach, Drone x4  
  104  8:37  Drone x2  
  104  8:40  Drone x2  
  101  8:42  Drone x2  
  101  8:43  Drone x4  
  101  8:46  Extractor  
  101  8:47  Roach x2  
  100  8:52  Roach x3  
  100  8:55  Roach  
  102  9:01  Zerg Missile Weapons Level 1  
  96  9:05  Roach, Extractor  
  96  9:06  Queen x2  
  96  9:09  Roach  
  101  9:10  Overlord  
  101  9:14  Roach x2  
  101  9:15  Zergling x2  
  101  9:16  Extractor  
  105  9:18  Roach x2  
  105  9:19  Zergling x2  
  105  9:23  Roach  
  111  9:25  Roach x2  
  111  9:30  Roach  
  117  9:32  Roach  
  117  9:35  Roach  
  117  9:37  Roach  
  122  9:40  Roach x2  
  122  9:44  Drone x2  
  128  9:46  Glial Reconstitution  
  128  9:50  Zergling x2  
  128  9:51  Zergling x2  
  130  9:55  Hatchery  
  130  9:57  Overlord  
  130  9:58  Overlord  
  128  10:14  Overlord  
  128  10:19  Roach x2  
  132  10:21  Roach  
  132  10:22  Roach x5  
  144  10:32  Ravager x3, Overlord  
  144  10:33  Ravager x2  
  144  10:34  Ravager  
  150  10:36  Roach  
  150  10:37  Zergling x2  
  152  10:45  Roach x2  

Tags
 
Add a new tag
Caveats
  • Supply blocks, unpowered buildings, or Contaminate may cause inaccurate times.
  • Supply counts are checked every 10 seconds.